Map: 2000 Atmospheres LE

Players

Antis - Winner!

  • Race: Zerg Zerg

JonSnow

  • Race: Zerg Zerg

Event: DreamHack SC2 Masters 2021 Fall

VOD

Have the link to the VOD?

Description

Time

  • Played on: Aug. 8, 2021, 4:03 p.m.
  • Length: 11:27

All games in this series

Show
View Real Time Build Order
Export as new Build Order

Antis Zerg - Winner!

Build Orders: Hatch First 

Get SALT Encoding   

  12  0:00  Drone  
  13  0:12  Overlord  
  13  0:16  Drone  
  14  0:30  Drone x2  
  16  0:47  Hatchery  
  15  0:50  Drone  
  15  0:54  Drone  
  17  0:57  Drone  
  18  1:08  Extractor  
  17  1:12  Spawning Pool  
  17  1:15  Drone  
  17  1:19  Drone  
  18  1:27  Drone  
  19  1:38  Drone  
  20  1:50  Drone  
  21  2:00  Queen x2  
  25  2:01  Drone x2  
  27  2:12  Drone  
  28  2:20  Overlord  
  28  2:24  Overlord  
  28  2:36  Evolution Chamber  
  27  2:37  Queen, Drone  
  27  2:39  Lair  
  27  2:43  Drone x4  
  34  2:56  Drone x2  
  36  3:00  Roach Warren  
  36  3:02  Zerg Melee Weapons Level 1  
  35  3:07  Drone x2  
  35  3:09  Drone x2  
  39  3:14  Evolution Chamber  
  38  3:22  Drone x3  
  38  3:26  Overlord  
  41  3:28  Overlord  
  41  3:35  Metabolic Boost  
  41  3:36  Drone x2  
  41  3:40  Overlord  
  43  3:43  Extractor  
  43  3:46  Extractor  
  43  3:47  Extractor  
  44  3:48  Drone x4  
  44  3:53  Drone x3  
  47  4:01  Spine Crawler  
  46  4:13  Drone x3  
  49  4:26  Drone  
  49  4:27  Zergling x10  
  49  4:29  Hatchery  
  55  4:36  Zergling x4, Spire  
  56  4:40  Zergling x2  
  56  4:41  Zergling x2  
  59  4:53  Zergling x2  
  59  4:55  Overlord x2  
  60  5:06  Overlord  
  60  5:15  Zergling x2  
  60  5:16  Zergling x6  
  60  5:19  Overlord  
  64  5:23  Zergling x8  
  68  5:30  Zergling x2  
  69  5:36  Hatchery  
  69  5:37  Drone x3  
  69  5:38  Hatchery  
  69  5:39  Overlord  
  70  5:48  Mutalisk x2  
  73  5:53  Zerg Flyer Weapons Level 1  
  73  5:56  Mutalisk x2  
  75  6:03  Mutalisk  
  74  6:12  Mutalisk  
  74  6:13  Mutalisk x5  
  74  6:14  Baneling Nest  
  85  6:28  Mutalisk  
  85  6:31  Overlord x2  
  85  6:36  Drone x5  
  85  6:38  Drone x2  
  90  6:42  Overlord  
  90  6:48  Mutalisk x2  
  94  7:04  Drone x11  
  101  7:20  Mutalisk x4  
  105  7:37  Drone x11  
  105  7:39  Queen x2  
  105  7:42  Extractor  
  117  7:44  Extractor, Zerg Ground Armor Level 1, Zerg Missile Weapons Level 1  
  116  7:54  Drone x6  
  116  7:58  Extractor  
  121  8:02  Glial Reconstitution  
  121  8:11  Roach x7  
  135  8:25  Extractor  
  135  8:26  Infestation Pit  
  133  8:27  Roach  
  133  8:28  Overlord x7  
  121  8:50  Roach x16  
  149  8:58  Overseer  
  149  9:00  Drone x3  
  152  9:05  Hydralisk Den  
  151  9:10  Pneumatized Carapace, Hive  
  151  9:12  Roach x8  
  167  9:26  Roach x6  
  167  9:27  Roach x3  
  167  9:29  Ravager x2  
  187  9:44  Roach x2  
  191  9:49  Overlord  
  189  9:54  Grooved Spines  
  189  9:57  Spine Crawler  
  189  9:59  Spine Crawler  
  187  10:04  Hatchery  
  180  10:12  Roach x12  
  180  10:13  Roach  
  194  10:21  Overseer  
  184  10:24  Roach  
  184  10:25  Roach x6  
  160  10:38  Roach x5  
  160  10:39  Roach x3  
  163  10:50  Roach x7  
  163  10:54  Ravager x6  
  179  10:57  Roach x2  
  183  11:06  Ravager  
  183  11:07  Overseer  
Show
View Real Time Build Order
Export as new Build Order

JonSnow Zerg 

Build Orders: Hatch First, Roach Hydra 

Get SALT Encoding   

  12  0:01  Drone  
  13  0:11  Overlord  
  13  0:17  Drone  
  14  0:30  Drone x2  
  16  0:47  Hatchery  
  15  0:52  Drone  
  15  0:55  Drone  
  17  0:58  Drone  
  18  1:10  Extractor  
  17  1:14  Spawning Pool  
  17  1:17  Drone  
  17  1:21  Drone  
  18  1:27  Drone  
  19  1:38  Drone  
  20  1:48  Overlord  
  20  2:01  Queen x2  
  22  2:02  Drone x2  
  26  2:09  Metabolic Boost  
  26  2:10  Drone x2  
  28  2:21  Zergling x2  
  28  2:22  Drone  
  30  2:33  Hatchery  
  30  2:35  Drone  
  30  2:37  Drone  
  31  2:45  Drone x2  
  31  2:50  Queen  
  35  2:53  Overlord  
  35  2:59  Overlord  
  35  3:07  Drone  
  35  3:11  Overlord  
  36  3:13  Drone  
  36  3:14  Drone x3  
  36  3:19  Baneling Nest, Drone  
  40  3:21  Drone  
  40  3:23  Drone  
  42  3:29  Overlord  
  42  3:36  Zergling x4  
  43  3:43  Zergling x8  
  43  3:44  Zergling x4, Evolution Chamber  
  43  3:46  Drone  
  50  3:48  Drone  
  50  3:50  Drone  
  50  3:54  Extractor  
  50  4:08  Zergling x10  
  55  4:11  Baneling x2  
  55  4:12  Drone  
  56  4:19  Drone x3  
  56  4:21  Roach Warren  
  58  4:27  Overlord  
  58  4:33  Drone x2  
  58  4:34  Drone x3  
  58  4:35  Lair  
  58  4:37  Zerg Missile Weapons Level 1  
  58  4:38  Drone x3  
  65  4:40  Baneling  
  65  4:41  Baneling  
  66  4:49  Queen  
  66  4:51  Extractor  
  66  4:52  Drone x4  
  70  4:56  Drone x2  
  71  5:00  Overlord  
  71  5:02  Drone  
  71  5:06  Extractor, Overlord x2  
  71  5:13  Overlord  
  70  5:17  Queen  
  70  5:20  Spore Crawler  
  69  5:22  Spore Crawler  
  69  5:23  Spore Crawler  
  67  5:36  Drone x5  
  67  5:37  Hydralisk Den  
  67  5:41  Extractor  
  70  5:44  Zergling x18  
  70  5:48  Baneling x3  
  79  5:51  Spore Crawler  
  78  5:59  Drone x6  
  78  6:01  Glial Reconstitution  
  80  6:08  Extractor  
  80  6:09  Spore Crawler, Roach x3  
  84  6:14  Overseer, Drone  
  85  6:18  Queen  
  85  6:21  Grooved Spines  
  79  6:26  Roach x3  
  79  6:28  Drone x2  
  86  6:36  Queen  
  86  6:37  Hydralisk x2  
  91  6:41  Queen  
  91  6:45  Overlord  
  93  6:48  Zerg Missile Weapons Level 2  
  93  6:52  Hydralisk x2  
  97  6:55  Overlord  
  97  6:58  Hydralisk  
  99  7:07  Hydralisk x3  
  105  7:08  Overlord  
  95  7:24  Hydralisk x6  
  103  7:31  Hydralisk  
  101  7:39  Hydralisk x3  
  101  7:41  Spore Crawler  
  104  7:47  Overlord x2  
  104  7:48  Overlord x2  
  104  7:52  Muscular Augments  
  100  7:59  Overlord  
  100  8:08  Hydralisk x4  
  100  8:09  Hydralisk x2  
  112  8:16  Infestation Pit, Hydralisk  
  112  8:17  Hydralisk  
  115  8:33  Hydralisk x4  
  119  8:39  Hydralisk x2  
  113  8:44  Hydralisk x5  
  109  8:58  Drone  
  109  8:59  Drone x3  
  113  9:07  Zerg Ground Armor Level 1, Overlord  
  112  9:17  Infestor  
  114  9:25  Overlord  
  114  9:26  Overlord  
  114  9:30  Infestor  
  114  9:31  Infestor  
  118  9:34  Overlord x4  
  118  9:42  Hydralisk x2  
  122  9:47  Overseer  
  122  9:51  Roach x5  
  122  9:52  Roach  
  133  9:56  Roach x2  
  133  9:59  Roach x2  
  141  10:01  Overlord  
  141  10:03  Roach x2  
  139  10:10  Roach x4  
  134  10:16  Roach x2  
  122  10:23  Roach x3  
  110  10:33  Roach x4  
  106  10:42  Roach x3  
  108  10:46  Roach  
  110  10:52  Roach x2  
  110  10:53  Roach  
  116  11:02  Roach x3  

Tags
 
Add a new tag
Caveats
  • Supply blocks, unpowered buildings, or Contaminate may cause inaccurate times.
  • Supply counts are checked every 10 seconds.